 Dungeon Sprint DCSS version 0.28-a0-828-g0121872642 (webtiles) character file.

Game seed: 6618538979610305254

265 xpp the Cleaver (level 6, -1/60 HPs)
             Began as a Hill Orc Fighter on Nov 11, 2021.
             Was a Follower of Beogh.
             Slain by a death cob (21 damage)
             ... in the Dungeon (Sprint V: "Ziggurat Sprint").
             The game lasted 00:04:25 (102 turns).

xpp the Cleaver (Hill Orc Fighter)                   Turns: 102, Time: 00:04:25

Health: -1/60      AC:  7    Str: 26    XL:     6   Next: 20%
Magic:  6/6        EV: 10    Int:  8    God:    Beogh [*.....]
Gold:   0          SH:  9    Dex: 17    Spells: 5/5 levels left

rFire   . . .      SeeInvis +   I - +14 obsidian axe {vorpal, Mesm Drain Fly SInv}
rCold   . . .      Faith    .   l - +3 buckler
rNeg    . . .      Spirit   .   b - +0 scale mail
rPois   .          Reflect  .   (no helmet)
rElec   .          Harm     .   (no cloak)
rCorr   .          Rampage  .   (no gloves)
Will    .....      NoTele   +   (no boots)
Stlth   ..........              (no amulet)
HPRegen 0.20/turn               y - +6 ring of dexterity
MPRegen 0.10/turn               C - +6 ring of strength

@: flying, mesmerised, slowed, very slow
A: no striking features
a: Renounce Religion


You were in the Dungeon.
You worshipped Beogh.
Beogh was aware of your devotion.
You visited 1 branch

Inventory:

Hand Weapons
 I - the +14 obsidian axe (weapon) {vorpal, Mesm Drain Fly SInv}
   (You found it in the Dungeon)

   It inflicts extra damage upon your enemies.
   It occasionally summons demons to assist the wielder when it strikes in
   combat.
   Its wielder is mesmerised by any visible foes.
   It cannot be unequipped while any foes are visible.
   SInv:      It lets you see invisible.
   Fly:       It grants you flight.
   Drain:     It drains your maximum health when unequipped.
Missiles
 H - 1000 bolts
Armour
 b - a +0 scale mail (worn)
 k - +5 gold dragon scales
 l - a +3 buckler (worn)
 m - a +3 kite shield
 n - a +3 tower shield
Jewellery
 c - a ring of positive energy
 x - a ring of flight
 y - a +6 ring of dexterity (left hand)
 C - a +6 ring of strength (right hand)
Wands
 E - a wand of mindburst (7)
 F - a wand of iceblast (3)
 G - a wand of acid (7)
Scrolls
 j - 4 scrolls of blinking
 s - 4 scrolls of amnesia
 t - 7 scrolls of fog
 u - a scroll of holy word
 v - 5 scrolls of identify
 w - 2 scrolls of fear
Potions
 d - 6 potions of might
 e - 10 potions of curing
 f - 9 potions of heal wounds
 g - 6 potions of haste
 h - 7 potions of magic
 i - 3 potions of berserk rage
 o - 2 potions of brilliance
 p - 2 potions of invisibility
 q - 4 potions of resistance


   Skills:
 + Level 7.4 Fighting
 * Level 12.0 Axes
 + Level 6.9 Armour
 + Level 6.9 Shields


You had 5 spell levels left.
You didn't know any spells.
Your spell library contained the following spells:

 Spells                   Type           Power      Damage    Failure   Level
 Static Discharge         Conj/Air       0%         N/A       80%         2
 Dispel Undead            Necr           0%         3d6       100%        4
 Sticky Flame             Conj/Fire      0%         2d3       100%        4


Dungeon Overview and Level Annotations

Branches:
Dungeon (1/1)

Altars:
Ashenzari
Cheibriados
Dithmenos
Elyvilon
Fedhas
Gozag
Hepliaklqana
Kikubaaqudgha
Makhleb
Nemelex Xobeh
Okawaru
Qazlal
Ru
Sif Muna
Trog
Uskayaw
Vehumet
Wu Jian
Xom
Yredelemnul
Zin
The Shining One
Beogh
Jiyva
Lugonu

Annotations:
D 1 transporter


Message History

y - a +6 ring of dexterity (left hand)
You feel stronger.
C - a +6 ring of strength (right hand) Drop what? 32/52 slots (_ for help) (? for menu, Esc to quit)
You drop a +6 ring of dexterity.
You drop a +6 ring of intelligence. x2
You drop a +6 ring of strength.
a - a ring of see invisible You pick up a book of Touch and begin reading...
You add the spells Static Discharge, Sticky Flame and Dispel Undead to your library.
c - a ring of positive energy Drop what? 30/52 slots (_ for help) (? for menu, Esc to quit)
You drop a ring of see invisible.
There is a transporter here.
Welcome to arena 3.
You enter the transporter and appear at another place.
A draconian, a yellow draconian and 2 death cobs come into view.
Visions of slaying the death cob flood into your mind.
The death cob gives a chilling moan.
The yellow draconian roars!
The draconian roars!
The death cob gives a chilling moan.
Found four items.
Found a transporter.
Aiming: Iceblast
Press: ? - help, Shift-Dir - straight line, f - death cob
Aim: a death cob (mesmerising)
The mass of ice explodes!
The iceblast engulfs the death cob.
The death cob partially resists.
The death cob is lightly damaged.
The iceblast engulfs the death cob!
The death cob partially resists.
The death cob is lightly damaged.
Visions of slaying the death cob flood into your mind.
The death cob hits you!!
Ouch! That really hurt!
The death cob hits you but does no damage.
The death cob hits you!!
* * * LOW HITPOINT WARNING * * *
The death cob drains your vigour!
You feel yourself slow down.
You feel much better. The death cob hits you! The death cob drains your vigour!
You feel as though you will be slow longer.
You block the death cob's attack. The death cob hits you!!
You die...

▓▓▓▓▓▓▓▓▓▓▓▓▓▓▓▓▓▓▓
▓.8©8.▓.8©8.▓.8©8.▓
▓.=)).▓...=.▓.....▓
▓..:..▓.....▓.).}.▓
▓.dd..▓.....▓.....▓
▓.....▓..†..▓...†.▓
▓..zz.▓.....▓..©..▓
▓..@..▓.=©..▓▓▓▓▓▓▓
▓▓▓▓▓▓▓▓▓▓▓▓▓


You could see a yellow draconian, 2 death cobs and a draconian.

Vanquished Creatures
  A hell hound (D)
  2 scorpions (D)
  An iron imp (D)
  A white imp (D)
5 creatures vanquished.

Notes
Turn   | Place    | Note
-------+----------+-------------------------------------------
     0 | D        | xpp the Hill Orc Fighter began the quest for the Orb.
     0 | D        | Reached XP level 1. HP: 19/19 MP: 1/1
     3 | D        | Found a blossoming altar of Fedhas.
     3 | D        | Found the +6 Majin-Bo {vamp, MP+6 Int+6}
     3 | D        | Found the +9 heavy crossbow "Sniper" {vorpal, Acc+∞ SInv}
     3 | D        | Found the +10 dark maul {vorpal}
     3 | D        | Found the +15 Maxwell's patent armour {-Cast -Tele rElec
                  | Will+ rCorr}
     3 | D        | Found the +18 shield of the Gong {rElec rN+ Will+ EV-5}
     3 | D        | Found the +14 obsidian axe {vorpal, Mesm Drain Fly SInv}
     3 | D        | Found the +7 great mace "Firestarter" {inner flame, rF++}
     3 | D        | Found the +6 shillelagh "Devastator" {shatter}
     3 | D        | Found the +11 plutonium sword {Contam Stlth-}
     3 | D        | Found the +8 lance "Wyrmbane" {slay drac, rPois rF+ rC+
                  | AC+3}
     3 | D        | Found the +9 sword of Zonguldrok {reap}
     3 | D        | Found the +13 scythe of Curses {drain, Drain}
     3 | D        | Found the +5 sword of Power {vorpal}
     3 | D        | Found the +7 mace of Variability {chain chaos}
     3 | D        | Found the +7 Singing Sword {vorpal, sonic wave}
     3 | D        | Found the +8 storm bow {elec, penet}
     7 | D        | Banished a spatial maelstrom
    10 | D        | Banished a spatial maelstrom
    19 | D        | Became a worshipper of Beogh the Brigand
    26 | D        | Found a shimmering blue altar of Sif Muna.
    26 | D        | Found a sacrificial altar of Ru.
    26 | D        | Found a bloodstained altar of Trog.
    26 | D        | Found a stormy altar of Qazlal.
    26 | D        | Found an iron altar of Okawaru.
    26 | D        | Found a sparkling altar of Nemelex Xobeh.
    28 | D        | Found a transporter.
    28 | D        | Found an ancient bone altar of Kikubaaqudgha.
    28 | D        | Found a viscous altar of Jiyva.
    28 | D        | Found a corrupted altar of Lugonu.
    28 | D        | Found a hazy altar of Hepliaklqana.
    28 | D        | Found a burning altar of Makhleb.
    28 | D        | Found an opulent altar of Gozag.
    60 | D        | Reached skill level 10 in Axes
    60 | D        | Reached XP level 2. HP: 26/26 MP: 2/2
    64 | D        | Entered arena 2.
    64 | D        | Noticed a scorpion
    64 | D        | Noticed a scorpion
    64 | D        | Found a transporter.
    67 | D        | Killed a scorpion
    67 | D        | Killed a scorpion
    68 | D        | Reached skill level 11 in Axes
    68 | D        | Reached skill level 5 in Armour
    68 | D        | Reached skill level 5 in Shields
    68 | D        | Reached XP level 3. HP: 37/37 MP: 3/3
    68 | D        | Reached XP level 4. HP: 44/44 MP: 4/4
    68 | D        | Reached XP level 5. HP: 50/50 MP: 5/5
    75 | D        | Entered arena 3.
    75 | D        | Noticed a hell hound
    75 | D        | Found a transporter.
    77 | D        | Killed a hell hound
    77 | D        | Reached * piety under Beogh
    78 | D        | Reached skill level 12 in Axes
    78 | D        | Reached XP level 6. HP: 60/60 MP: 6/6
   100 | D        | Entered arena 4.
   100 | D        | Noticed a death cob
   100 | D        | Noticed a yellow draconian
   100 | D        | Noticed a draconian
   100 | D        | Noticed a death cob
   100 | D        | Found a transporter.
   102 | D        | Slain by a death cob

Illustrated notes

Levels and vault maps discovered:
D:        sprint_v [room_start, room_1, room_2, room_3, room_4, room_5, room_6,
          room_7, room_8, room_9, room_10, room_11, room_12, room_13, room_14,
          room_15, room_16, room_17, room_18, room_19, room_20, room_21,
          room_22, room_23, room_24, room_25, room_26, room_27]

Skill      XL: |  1  2  3  4  5 |
---------------+----------------+-----
Axes           | 10 11 12 | 12.0
Fighting       | 6 7 |  7.4
Armour         | 5 6 |  6.9
Shields        | 5 6 |  6.9

Action                   |  1- 3 |  4- 6 || total
-------------------------+-------+-------++-------
Melee: Broad axe         |     2 |       ||     2
Evoke: Wand              |     1 |     3 ||     4
  Use: Potion            |     1 |     1 ||     2
Armor: Scale mail        |     1 |     1 ||     2
Block: Buckler           |     1 |     1 ||     2

Table legend: (Time is in decaauts)
 A = Elapsed time spent in this place.
 B = Non-inter-level travel time spent in this place.
 C = Inter-level travel time spent in this place.
 D = Time resting spent in this place.
 E = Time spent auto-exploring this place.
 F = Levels seen in this place.
 G = Mean time per level.
                   A        B        C        D        E       F      G
               +--------+--------+--------+--------+--------+-----+--------+
         Total |    100 |    100 |      0 |      0 |      6 |   1 |  100.0 |
       Dungeon |    100 |    100 |      0 |      0 |      6 |   1 |  100.0 |
               +--------+--------+--------+--------+--------+-----+--------+

Top non-repeatable levels by time:
       D: 100 daAuts
